 Dungeon Crawl Stone Soup version 0.31-a0-1156-g12f98b2 (webtiles) character file.

Game seed: 7655865533927524578

21160805 Kearsarge the Ex Machina (level 27, 201/201 HPs)
             Began as an Octopode Artificer on Dec 7, 2023.
             Was an Initiate of Gozag.
             Escaped with the Orb
             ... and 15 runes!
             The game lasted 02:18:03 (71617 turns).

Kearsarge the Ex Machina (Octopode Artificer)      Turns: 71617, Time: 02:18:03

Health: 201/201    AC: 15    Str: 22    XL:     27
Magic:  25/25      EV: 84    Int:  9    God:    Gozag
Gold:   1568       SH:  0    Dex: 38    Spells: 26/26 levels left

rFire   + +          +
                       - Unarmed
rCold   + + +        i - melded +2 buckler
rNeg    + + +        (helmet currently unavailable) rPois โˆž
                     j - amulet of Autotheism {+Blink rC++ Regen+ rCorr Dex-2}
rElec   +            o - ring "Rairam" {Fly Will++ Str+3}
rCorr   +            G - +6 ring of strength
SInv    +            s - ring of protection from cold
Will    ++++.        c - ring "Coxaqial" {rF++ rN+ Dex+6 Stlth+}
Stlth   +++          t - ring "Kanink" {rElec EV+5 Dex+4}
HPRegen 1.33/turn    f - +6 ring of dexterity
MPRegen 0.19/turn    U - ring of see invisible
                     g - ring "Ranoogixt" {rPois rF+ rN++ Int-5 Slay+4}

%: no passive effects
@: storm-form, flying, studying 3 skills
A: cleaving, insubstantial, flying, almost no armour, amphibious, 8 rings,
(camouflage 1), (gelatinous body 1), (nimble swimmer 1), (tentacles), (tentacle
spike 1), frail 1, mutation resistance 1, screaming 1, wild magic 1
0: Orb of Zot
}: 15/15 runes: barnacled, slimy, silver, golden, iron, obsidian, icy, bone,
abyssal, demonic, glowing, magical, fiery, dark, gossamer
a: Blinkbolt, Begin Untransformation, Renounce Religion, Evoke Blink, Potion
Petition, Call Merchant, Bribe Branch


You escaped.
You worshipped Gozag.
Gozag was most pleased with you.
You were a lightning-filled tempest!
You visited 18 branches of the dungeon, and saw 88 of its levels.
You visited Pandemonium 1 time, and saw 22 of its levels.
You visited the Abyss 1 time.
You visited 2 ziggurats, and saw 12 of their levels (deepest: 6).

You collected 48393 gold pieces.
You spent 7347 gold pieces at shops.
You paid 39478 gold pieces to Gozag.

Inventory:

Armour
 i - a +2 buckler (melded)
Jewellery
 a - the ring "Duopp" {rPois rC- rN+ Will+++ Int+6}
   (You found it on level 1 of the Lair of Beasts)

   [ring of intelligence]

   Int+6:     It affects your intelligence (+6).
   rC-:       It makes you vulnerable to cold.
   rPois:     It protects you from poison rN+: It protects you from negative
   energy.
   Will+++:   It greatly increases your willpower.
 c - the ring "Coxaqial" (on tentacle) {rF++ rN+ Dex+6 Stlth+}
   (You found it on level 5 of the Vaults)

   [ring of dexterity]

   Dex+6:     It affects your dexterity (+6).
   rF++:      It greatly protects you from fire.
   rN+:       It protects you from negative energy.
   Stlth+:    It makes you more stealthy.
 f - a +6 ring of dexterity (on tentacle)
 g - the ring "Ranoogixt" (on tentacle) {rPois rF+ rN++ Int-5 Slay+4}
   (You found it on level 5 of the Vaults)

   [ring of protection from fire]

   Int-5:     It affects your intelligence (-5).
   Slay+4:    It affects your accuracy & damage with ranged weapons and melee
   (+4).
   rF+:       It protects you from fire.
   rPois:     It protects you from poison rN++: It greatly protects you from
   negative energy.
 j - the amulet of Autotheism (around neck) {+Blink rC++ Regen+ rCorr Dex-2}
   (You found it on level 2 of the Vaults)

   [amulet of regeneration]

   Dex-2:     It affects your dexterity (-2).
   rC++:      It greatly protects you from cold.
   +Blink:    It lets you blink.
   Regen+:    It increases your rate of health regeneration.
   rCorr:     It protects you from acid and corrosion.
 o - the ring "Rairam" (left tentacle) {Fly Will++ Str+3}
   (You found it on level 13 of the Dungeon)

   [ring of flight]

   Str+3:     It affects your strength (+3).
   Will++:    It greatly increases your willpower.
   Fly:       It grants you flight.
 s - a ring of protection from cold (on tentacle)
 t - the ring "Kanink" (on tentacle) {rElec EV+5 Dex+4}
   (You found it in Pandemonium)

   [ring of evasion]

   EV+5:      It affects your evasion (+5).
   Dex+4:     It affects your dexterity (+4).
   rElec:     It insulates you from electricity.
 w - the ring "Vaicwuig" {rC+++ EV+5}
   (You found it on level 5 of the Pits of Slime)

   [ring of evasion]

   EV+5:      It affects your evasion (+5).
   rC+++:     It renders you almost immune to cold.
 G - a +6 ring of strength (right tentacle)
 U - a ring of see invisible (on tentacle)
Talismans
 x - the storm talisman of Inevitability (active) {rF+}
   (You bought it in a shop on level 9 of the Dungeon)

   [storm talisman]

   rF+:       It protects you from fire.
Wands
 e - a wand of mindburst (79)
 y - a wand of polymorph (29)
 J - a wand of flame (154)
 K - a wand of iceblast (101)
 N - a wand of digging (6)
 P - a wand of quicksilver (37)
Scrolls
 k - 11 scrolls of brand weapon
 q - 2 scrolls of fog
 r - a scroll of vulnerability
 A - 9 scrolls of enchant weapon
 B - 5 scrolls of torment
 E - 8 scrolls of poison
 F - 7 scrolls of enchant armour
 H - 8 scrolls of amnesia
 M - 8 scrolls of teleportation
 O - 5 scrolls of fear
 Q - 8 scrolls of immolation
 T - a scroll of blinking
 V - a scroll of butterflies
 Z - 4 scrolls of silence
Potions
 d - 11 potions of brilliance
 h - 8 potions of attraction
 l - 8 potions of mutation
 m - 9 potions of ambrosia
 n - 24 potions of curing
 p - 8 potions of might
 v - 8 potions of heal wounds
 z - 5 potions of berserk rage
 C - 4 potions of magic
 L - 10 potions of lignification
 R - 3 potions of cancellation
 S - 9 potions of enlightenment
 W - 3 potions of haste
 X - a potion of invisibility
 Y - 2 potions of resistance
Miscellaneous
 b - a tin of tremorstones (2/2)
 u - a phantom mirror


   Skills:
 O Level 27 Fighting
 O Level 27 Dodging
 + Level 18.9 Stealth
 O Level 27 Unarmed Combat
 - Level 3.7 Invocations
 O Level 27 Evocations
 O Level 27 Shapeshifting


You had 26 spell levels left.
You didn't know any spells.
Your spell library contained the following spells:

 Spells                   Type           Power      Damage    Failure   Level
 Apportation              Tloc           0%         N/A       47%         1
 Freeze                   Ice            0%         1d3       47%         1
 Kiss of Death            Conj/Necr      0%         2d5       47%         1
 Magic Dart               Conj           0%         1d3       47%         1
 Necrotise                Necr           0%         1d4       47%         1
 Sandblast                Erth           0%         2d4       47%         1
 Shock                    Conj/Air       0%         1d3       47%         1
 Slow                     Hex            0%         N/A       47%         1
 Sting                    Tmut/Pois      0%         1d3       47%         1
 Summon Small Mammal      Summ           0%         N/A       47%         1
 Blink                    Tloc           0%         N/A       61%         2
 Call Imp                 Summ           0%         N/A       61%         2
 Cigotuvi's Dreadful Rot  Necr/Pois/Air  0%         N/A       61%         2
 Ensorcelled Hibernation  Hex/Ice        0%         N/A       61%         2
 Jinxbite                 Hex            0%         N/A       61%         2
 Lesser Beckoning         Tloc           0%         N/A       61%         2
 Momentum Strike          Conj/Tloc      0%         3d8       61%         2
 Passwall                 Tmut/Erth      0%         N/A       61%         2
 Poisonous Vapours        Pois/Air       0%         N/A       61%         2
 Scorch                   Fire           0%         2d5       61%         2
 Searing Ray              Conj           0%         2d4       61%         2
 Wereblood                Tmut           0%         N/A       61%         2
 Call Canine Familiar     Summ           0%         N/A       83%         3
 Confusing Touch          Hex            0%         N/A       83%         3
 Dazzling Flash           Conj/Hex       0%         N/A       83%         3
 Frozen Ramparts          Ice            0%         1d1       83%         3
 Hailstorm                Conj/Ice       0%         3d5       83%         3
 Ignite Poison            Fire/Tmut/Pois 0%         N/A       83%         3
 Inner Flame              Hex/Fire       0%         N/A       83%         3
 Mephitic Cloud           Conj/Pois/Air  0%         N/A       83%         3
 Ozocubu's Armour         Ice            0%         N/A       83%         3
 Sigil of Binding         Hex            0%         N/A       83%         3
 Stone Arrow              Conj/Erth      0%         3d7       83%         3
 Summon Guardian Golem    Hex/Summ       0%         N/A       83%         3
 Swiftness                Air            0%         N/A       83%         3
 Tukima's Dance           Hex            0%         N/A       83%         3
 Vampiric Draining        Necr           0%         2d6       83%         3
 Volatile Blastmotes      Fire/Tloc      0%         2d10      83%         3
 Airstrike                Air            0%         2d(0-16)  99%         4
 Anguish                  Hex/Necr       0%         N/A       99%         4
 Brom's Barrelling Bould  Conj/Erth      0%         2d3       99%         4
 Cause Fear               Hex            0%         N/A       99%         4
 Dimensional Bullseye     Hex/Tloc       0%         N/A       99%         4
 Dispel Undead            Necr           0%         3d6       99%         4
 Fulminant Prism          Conj/Hex       0%         3d5       99%         4
 Iskenderun's Mystic Bla  Conj/Tloc      0%         2d3       99%         4
 Leda's Liquefaction      Hex/Erth       0%         N/A       99%         4
 Olgreb's Toxic Radiance  Pois           0%         N/A       99%         4
 Passage of Golubria      Tloc           0%         N/A       99%         4
 Petrify                  Tmut/Erth      0%         N/A       99%         4
 Sticky Flame             Conj/Fire      0%         2d3       99%         4
 Summon Ice Beast         Ice/Summ       0%         N/A       99%         4
 Summon Lightning Spire   Summ/Air       0%         N/A       99%         4
 Vhi's Electric Charge    Tloc/Air       0%         N/A       99%         4
 Agony                    Necr           0%         N/A       100%        5
 Alistair's Intoxication  Tmut/Pois      0%         N/A       100%        5
 Arcjolt                  Conj/Air       0%         1d10      100%        5
 Borgnjor's Vile Clutch   Necr/Erth      0%         N/A       100%        5
 Fireball                 Conj/Fire      0%         3d3       100%        5
 Freezing Cloud           Conj/Ice/Air   0%         6-21      100%        5
 Irradiate                Conj/Tmut      0%         3d11      100%        5
 Iskenderun's Battlesphe  Conj           0%         2d6       100%        5
 Lee's Rapid Deconstruct  Erth           0%         3d4*      100%        5
 Metabolic Englaciation   Hex/Ice        0%         N/A       100%        5
 Silence                  Hex/Air        0%         N/A       100%        5
 Summon Forest            Summ/Tloc      0%         N/A       100%        5
 Summon Mana Viper        Hex/Summ       0%         N/A       100%        5
 Yara's Violent Unravell  Hex/Tmut       0%         3d3       100%        5
 Bombard                  Conj/Erth      0%         9d1       100%        6
 Death Channel            Necr           0%         N/A       100%        6
 Dispersal                Tloc           0%         N/A       100%        6
 Eringya's Noxious Bog    Tmut/Pois      0%         4d6       100%        6
 Plasma Beam              Fire/Air       0%         2x1d10    100%        6
 Starburst                Conj/Fire      0%         6d3       100%        6
 Summon Cactus Giant      Summ           0%         N/A       100%        6
 Haunt                    Necr/Summ      0%         N/A       100%        7
 Malign Gateway           Summ/Tloc      0%         N/A       100%        7
 Monstrous Menagerie      Summ           0%         N/A       100%        7
 Ozocubu's Refrigeration  Ice            0%         4d7       100%        7
 Spellforged Servitor     Conj/Summ      0%         N/A       100%        7
 Summon Hydra             Summ           0%         N/A       100%        7
 Borgnjor's Revivificati  Necr           0%         N/A       100%        8
 Discord                  Hex            0%         N/A       100%        8
 Ignition                 Fire           0%         3d3       100%        8
 Infestation              Necr           0%         N/A       100%        8
 Maxwell's Capacitive Co  Air            0%         โˆž       100%        8
 Summon Horrible Things   Summ           0%         N/A       100%        8
 Chain Lightning          Conj/Air       0%         N/A       100%        9
 Death's Door             Necr           0%         N/A       100%        9
 Dragon's Call            Summ           0%         N/A       100%        9
 Fire Storm               Conj/Fire      0%         5d1       100%        9
 Polar Vortex             Ice            0%         N/A       100%        9
 Shatter                  Erth           0%         3d5*      100%        9
 Sublimation of Blood     Necr           Unusable   N/A       N/A         2
 Animate Armour           Summ/Erth      Unusable   N/A       N/A         4
 Animate Dead             Necr           Unusable   N/A       N/A         4
 Simulacrum               Ice/Necr       Unusable   N/A       N/A         6

Dungeon Overview and Level Annotations

Branches:
Dungeon (15/15)            Temple (1/1) D:6            Lair (5/5) D:8
 Shoals (4/4) Lair:3       Spider (4/4) Lair:2        Slime (5/5) Lair:4
    Orc (2/2) D:10            Elf (3/3) Orc:2        Vaults (5/5) D:13
  Crypt (3/3) Vaults:2       Tomb (3/3) Crypt:3      Depths (4/4) D:15
   Hell (visited)             Dis (7/7) Hell            Geh (7/7) Hell
    Coc (7/7) Hell            Tar (7/7) Hell            Zot (5/5) Depths:4

Altars:
Ashenzari
Cheibriados
Dithmenos
Elyvilon
Fedhas
Gozag
Hepliaklqana
Kikubaaqudgha
Makhleb
Nemelex Xobeh
Okawaru
Qazlal
Ru
Sif Muna
Trog
Uskayaw
Vehumet
Wu Jian
Xom
Yredelemnul
Zin
The Shining One
Jiyva

Shops:
D:8 **   D:9 *=   D:12 (   D:14 *   D:15 ?:   Orc:2 ((**   Lair:2 =
Shoals:3 *   Spider:3 ?   Vaults:2 (   Vaults:3 !   Depths:1 *   Depths:2 *

Portals:
Hell: Depths:1 Depths:2 Depths:3 Depths:4
Abyss: D:12 Depths:3
Pandemonium: Depths:2
Trove: D:15 (give 14 scrolls of teleportation)

Annotations:
D:4 3 runed translucent doors, dhlexpress's ghost, amateur DECj
D:11 Snorg
D:12 2 transporters, squeakweiz's ghost, journeyman TrFi
Lair:5 2 runed translucent doors
Shoals:1 1 runed translucent door, Alixiyti's ghost, journeyman HOFi
Spider:4 1 runed translucent door, Boogie's ghost, adept MiFi
Elf:2 8 runed translucent doors, PiratePeteNZ's ghost, journeyman MiMo
Geh:7 Serpent of Hell


Innate Abilities, Weirdness & Mutations

You are a lightning-filled tempest!
Your electrical attacks strike out in all directions at once.
You are incredibly evasive.
Your insubstantial body is immune to petrification, constriction, and being set on fire You are flying.
Your armour is entirely melded.
You are incapable of wielding weapons or throwing items.
You cannot wear most types of armour.
You are amphibious.
You can wear up to eight rings at the same time.
You are immune to poison.
((Your skin changes colour to match your surroundings (Stealth+).))
((Your rubbery body absorbs attacks. (AC +1, EV +1)))
((You are camouflaged when in or above water. (Stealth+)))
((You have tentacles for arms and can constrict up to eight enemies at once.))
((One of your tentacles bears a spike.))
You are frail. (-10% HP)
You are somewhat resistant to further mutation.
You occasionally shout uncontrollably at your foes.
Your spells are a little harder to cast, but a little more powerful.


Message History

You kill the blizzard demon!
You now have 1568 gold pieces (gained 14).
What level of the Dungeon? (default 1, ? - help)
There is a stone staircase leading up here.
You fly upwards.
Level annotation: 3 runed translucent doors, dhlexpress's ghost, amateur DECj
There is a stone staircase leading down here.
A hellion comes into view.
The shock of your passage hits the hellion!!!
You kill the hellion!
You blink.
No target in view!
No target in view!
What level of the Dungeon? (default 1, ? - help)
You feel energetic enough to blinkbolt again.
Things that are here:
4 stones; a +0 whip
There is an escape hatch in the ceiling here.
There is a stone staircase leading up here.
You fly upwards.
There is a stone staircase leading down here.
There is a stone staircase leading up here.
You fly upwards.
There is a stone staircase leading down here.
There is a stone staircase leading up here.
You fly upwards.
There is a stone staircase leading down here.
Blink to where?
Press: ? - help, Q - select action, (/) - cycle Dir - move target
As you read the scroll of blinking, it crumbles to dust.
Blink to where?
Press: ? - help, Q - select action, (/) - cycle Dir - move target
As you read the scroll of blinking, it crumbles to dust.
Blink to where?
Press: ? - help, Q - select action, (/) - cycle Dir - move target
As you read the scroll of blinking, it crumbles to dust.
Blink to where?
Press: ? - help, Q - select action, (/) - cycle Dir - move target
As you read the scroll of blinking, it crumbles to dust.
You have escaped!

#.#....###..########+#......
#.####.....................#
#...........#..............#
####.#.....###..............
#.#....ยง.#...............
#.#...............###....
#.#..#...#>..#..#.# #....
#.#.###.###.###.#.# #....
#.#..#.)v#...#..#.# #....
#.#...............# #....
#.#......#........# #....
#.#.....###.......# ##...
#.#......#......#.####...
#.#.............#...##...
#.#......##....####.##...
#.#......++....# #.##...
#.#..)...##....# #.##...


There were no monsters in sight!

Vanquished Creatures
  Cerebov (Pan)
  Antaeus (Coc:7)
  Asmodeus (Geh:7)
  the Royal Jelly (Slime:5)
  Gloorx Vloq (Pan)
  Ereshkigal (Tar:7)
  Mnoleg (Pan)
  Dissolution (Slime:4)
  Lom Lobon (Pan)
  Khufu (Crypt:2)
  A dread lich (Depths:3)
  Dispater (Dis:7)
  An orb of fire (Zot:2)
  3 ancient liches
  8 juggernauts
  Mara (Vaults:4)
  9 royal mummies
  19 shard shrikes
  4 Killer Klowns
  23 caustic shrikes
  Geryon (Hell)
  Nikola (Shoals:1)
  Norris (Vaults:4)
  The ghost of Zoalos the Devastator, a veteran GrEE of Lugonu (Crypt:2)
  the Enchantress (Depths:1)
  5 golden dragons
  17 profane servitors
  A pearl dragon (Abyss:3)
  4 pandemonium lords
  3 doom hounds
  11 Tzitzimimeh
  7 bone dragons
  17 Hell Sentinels
  10 Brimstone Fiends
  Rupert (D:14)
  26 Ice Fiends
  7 iron giants
  14 tentacled monstrosities
  4 hellephants
  16 liches
  20 tainted leviathans
  A walking crystal tome (Depths:4)
  2 quicksilver dragons
  Zenata (Vaults:3)
  A walking divine tome (Depths:3)
  2 walking earthen tomes
  23 titans
  10 Orb Guardians
  12 searing wretches
  A kraken (Abyss:3)
  Polyphemus (Shoals:2)
  22 Executioners
  2 walking frostbound tomes (Depths:4)
  The ghost of fbwer the Warrior, an adept FoHu of Fedhas (Lair:2)
  19 acid blobs
  10 storm dragons
  19 tentacled starspawn
  5 death cobs
  5 sphinxes
  17 ancient champions
  Aizul (Vaults:4)
  7 shadow dragons
  5 tengu reavers
  5 revenants
  Ilsuiw (Shoals:2)
  10 rockslimes
  4 demonspawn warmongers
  Donald (Shoals:1)
  2 daevas (Abyss:3)
  8 azure jellies
  5 narguns
  A nagaraja (Zig:5)
  4 iron dragons
  11 ghost moths
  4 draconian knights
  2 quicksilver elementals
  23 fire giants
  6 emperor scorpions
  8 deep elf sorcerers
  21 balrugs
  17 frost giants
  2 draconian shifters
  2 caustic shrike zombies
  14 shard shrike simulacra
  An orc warlord (Vaults:1)
  13 vault wardens
  16 reapers
  A spectral juggernaut (Tar:3)
  3 ghouls (Crypt:2)
  16 cacodemons
  4 draconian annihilators
  13 ironbound preservers
  4 curse skulls
  A caustic shrike skeleton (Abyss:2)
  4 deep elf elementalists (Elf:3)
  A broodmother (Spider:4)
  28 very ugly things
  14 quicksilver oozes
  6 spriggan defenders
  7 demonspawn blood saints (Pan)
  5 formless jellyfish
  17 stone giants
  7 demonspawn corrupters
  13 war gargoyles
  2 angels (Depths:1)
  9 ironbound thunderhulks
  8 vampire knights
  9 putrid mouths
  A juggernaut skeleton (Abyss:3)
  2 deep elf demonologists
  6 demonspawn black suns
  Nessos (D:14)
  The ghost of Agrajag the Wallflower, a journeyman VSBr of Uskayaw (D:13)
  2 yellow draconians
  18 elemental wellsprings
  2 white draconians (Zot:4)
  4 bennus (Tomb:2)
  A green draconian (Zot:1)
  2 black draconians (Zot:4)
  9 red draconians
  2 bunyips
  13 lorocyprocas
  7 deep elf annihilators
  14 wendigos
  8 dire elephants
  9 purple draconians
  4 spark wasps
  13 mummy priests
  An eidolon (Vaults:2)
  A shambling mangrove (Abyss:3)
  9 ettins
  6 jiangshi (Crypt:2)
  17 blizzard demons
  3 merfolk javelineers
  15 deep elf death magi
  A quicksilver dragon zombie (Depths:1)
  4 iron golems
  16 yaktaur captains
  7 merfolk impalers
  9 fire dragons
  7 green deaths
  2 entropy weavers
  A spectral fenstrider witch (Tar:1)
  A spriggan zombie (Crypt:2)
  6 great orbs of eyes
  8 deep elf high priests
  10 juggernaut simulacra
  Fannar (D:11)
  A quicksilver dragon skeleton (Abyss:3)
  8 hydras
  3 centaur warriors
  5 ice dragons
  9 vault guards
  2 hell beasts (Pan)
  17 caustic shrike simulacra
  6 rakshasas
  A peacekeeper (Vaults:3)
  Erolcha (Orc:1)
  3 salamander tyrants
  4 merfolk avatars
  Harold (Lair:2)
  2 ghost crabs (Abyss:3)
  An alligator snapping turtle (Shoals:1)
  2 jorogumos (Spider:3)
  A fenstrider witch skeleton (Pan)
  12 ironbound frosthearts
  A sphinx zombie (Vaults:4)
  Erica (D:8)
  4 radroaches
  3 catoblepae
  6 spriggan air magi
  3 merfolk aquamancers (Shoals:4)
  7 ogre magi
  A death knight (Crypt:2)
  5 stokers
  5 tengu warriors
  A naga warrior (Zig:5)
  A satyr (Shoals:2)
  2 spectral stone giants
  9 death yaks
  20 two-headed ogres
  9 deep troll shamans
  5 boulder beetles
  104 death scarabs
  17 dancing weapons
  7 deep troll earth magi
  21 demonic crawlers
  A sphinx skeleton (Depths:1)
  17 hell hogs
  A spectral dire elephant (Tar:2)
  22 thrashing horrors
  2 vampire magi (Crypt:2)
  5 occultists
  6 orc high priests
  33 hell knights
  3 shock serpents (Pan)
  36 sun demons
  8 spriggan berserkers
  15 deep elf knights
  9 iron trolls
  19 soul eaters
  6 crystal echidnas
  11 wretched stars
  2 fire crabs
  6 shadow wraiths
  21 sixfirhies
  17 skeletal warriors
  10 skysharks
  5 sun moths
  7 shadow demons
  3 spatial maelstroms
  54 deep trolls
  A bunyip zombie (Crypt:2)
  A spriggan druid (Zig:4)
  7 pharaoh ants
  A sea snake (shapeshifter) (Elf:1)
  2 anaconda zombies
  6 sea snakes
  7 quicksilver dragon simulacra
  14 deep elf archers
  A bunyip skeleton (Pan)
  6 glowing orange brains
  11 lindwurms
  3 flayed ghosts
  An anaconda skeleton (Pan)
  An orb spider (shapeshifter) (D:15)
  7 arcanists
  9 orc knights
  A spectral hydra (Tar:2)
  14 orb spiders
  A tengu zombie (Tomb:1)
  2 harpies (shapeshifter)
  2 fenstrider witch simulacra
  3 wolf spider zombies (D:15)
  32 harpies
  19 ironbound convokers
  5 phantasmal warriors
  73 large abominations
  7 steelbarb worms
  3 spriggan simulacra
  75 starcursed masses
  14 deep elf pyromancers
  The ghost of fbwer the Shooter, a novice FoHu of Fedhas (D:13)
  14 necromancers
  21 deep elf zephyrmancers
  7 shining eyes
  29 ugly things
  An alligator zombie (Hell)
  31 fauns
  4 orc sorcerers
  29 wolf spiders
  7 worldbinders
  23 manticores
  2 will-o-the-wisps
  A human zombie (Vaults:4)
  6 centaur zombies (D:15)
  8 cyclopes
  An iron dragon skeleton (Tomb:2)
  9 elephants (Lair:5)
  A human skeleton (Vaults:4)
  4 naga magi (Zig:5)
  7 moths of wrath
  A fire giant skeleton (Depths:1)
  6 black mambas
  12 merfolk sirens
  2 kobold blastminers (Zig:6)
  3 guardian serpents
  10 rust devils
  An elf zombie (Vaults:4)
  2 titan simulacra
  3 apocalypse crabs
  43 smoke demons
  10 water nymphs
  13 vault sentinels
  A naga skeleton (Abyss:3)
  3 eyes of devastation
  A water nymph (shapeshifter) (Depths:4)
  8 cane toads
  4 torpor snails
  24 molten gargoyles
  4 gargoyles
  Maggie (Lair:1)
  21 orange demons
  A centaur skeleton (Abyss:3)
  Psyche (D:8)
  34 yaktaurs
  8 spectral swamp worms (Tar:7)
  6 efreet
  5 unseen horrors
  2 bunyip simulacra
  2 dire elephant skeletons (Tomb:1)
  4 rime drakes
  2 sea snake zombies (Hell)
  16 hellions
  Jeremiah (D:9)
  A kobold demonologist (D:13)
  20 tormentors
  6 freezing wraiths
  An unseen horror skeleton (Crypt:2)
  5 anaconda simulacra
  A red draconian skeleton (Crypt:3)
  17 guardian mummies
  6 spriggan skeletons
  A spectral deep troll (Tar:1)
  10 komodo dragons
  A silent spectre (Tar:2)
  2 tengu conjurers
  18 ancient zymes
  A death yak skeleton (Crypt:2)
  6 ice devils (Pan)
  4 red devils (Pan)
  5 iron giant simulacra
  7 trolls
  3 hydra zombies
  26 hellwings (Pan)
  A polar bear (shapeshifter) (Abyss:3)
  3 harpy zombies
  4 polar bears
  30 merfolk
  7 wind drakes
  A queen bee (shapeshifter) (D:13)
  A raiju (shapeshifter) (Abyss:2)
  34 raiju
  11 hornets
  Prince Ribbit (D:8)
  18 blink frogs
  A hydra skeleton (Abyss:3)
  6 glass eyes
  A harpy skeleton (Abyss:2)
  15 dream sheep
  49 tarantellas
  A stone giant simulacrum (Coc:4)
  A glass eye (shapeshifter) (Vaults:5)
  29 jumping spiders
  4 iron dragon simulacra
  2 meliai zombies (D:15)
  12 snapping turtles
  2 centaur simulacra
  3 shadows
  12 water elementals
  3 air elementals (Elf:2)
  A human simulacrum (Vaults:2)
  An ettin skeleton (Pan)
  79 slime creatures
  5 spriggans
  16 flying skulls
  3 vampires (D:12)
  4 dire elephant simulacra
  9 wraiths
  21 ynoxinuls
  36 yaks
  8 basilisks
  3 fire elementals
  3 ushabtiu
  17 culicivoras
  3 naga simulacra
  A fire bat (Abyss:3)
  12 golden eyes
  14 wyverns
  62 redbacks
  An alligator snapping turtle simulacrum (Abyss:3)
  16 chaos spawn
  9 vampire mosquitoes
  A steam dragon (Lair:5)
  24 neqoxecs
  Menkaure (D:4)
  8 spatial vortices
  19 harpy simulacra
  5 wargs
  2 ogre zombies
  2 acid dragons
  16 hell hounds
  13 water moccasins
  A black bear (shapeshifter) (Abyss:3)
  2 black bears
  40 orc warriors
  An ice dragon simulacrum (Coc:1)
  2 ice beasts (D:7)
  2 sky beasts
  A hornet zombie (D:15)
  A black mamba simulacrum (Lair:2)
  An ogre (shapeshifter) (D:15)
  4 ettin simulacra
  27 small abominations
  14 wolves
  3 phantoms
  A dream sheep skeleton (Crypt:2)
  32 ogres
  5 centaurs
  6 kobold brigands
  A brain worm (Abyss:3)
  Blork the orc (D:6)
  10 bullfrogs
  A gnoll sergeant (D:4)
  2 necrophages (Crypt:2)
  A cyclops skeleton (Crypt:2)
  3 earth elementals
  33 scorpions
  20 killer bees
  An elephant simulacrum (Lair:2)
  8 howler monkeys
  An electric eel (Lair:4)
  A crimson imp (Pan)
  5 lava snakes (Lair:5)
  4 quasits (Abyss:3)
  11 hounds
  29 orc priests
  A gnoll bouda (D:5)
  9 jellies
  2 water moccasin simulacra (Lair:2)
  4 iguanas (D:5)
  4 iron imps
  2 boggart zombies (D:15)
  Ijyb (D:4)
  Terence (D:2)
  Natasha (D:2)
  15 orc wizards
  2 polar bear simulacra (Lair:2)
  A yak simulacrum (Lair:2)
  31 mummies
  A howler monkey zombie (Crypt:1)
  7 gnolls
  10 adders
  2 shadow imps
  6 white imps
  3 ufetubi
  2 worms (D:4)
  A dart slug (D:1)
  87 orcs
  3 ball pythons
  An endoplasm (D:1)
  4 giant cockroaches
  2 goblins
  7 hobgoblins
  A jackal (D:5)
  3 quokkas
  11 bats
  A frilled lizard (D:3)
  25 kobolds
  A quokka skeleton (Crypt:3)
  6 rats
  A rat zombie (Crypt:3)
  A creeping inferno (Geh:4)
  25 fire vortices
  2 lurking horrors (Abyss:3)
  3 spectral weapons (Depths:1)
  18 starspawn tentacles
  2 tentacles (Abyss:3)
3825 creatures vanquished.

Vanquished Creatures (collateral kills)
  An orb of fire (Zot:5)
  2 royal mummies (Tomb:2)
  3 Killer Klowns (Zot:5)
  A Brimstone Fiend (Geh:7)
  A lich (Tomb:2)
  4 tentacled monstrosities
  5 Orb Guardians (Zot:5)
  2 searing wretches (Geh:7)
  2 titans (Vaults:5)
  2 shadow dragons (Vaults:5)
  2 storm dragons (Zot:5)
  A draconian knight (Zot:5)
  2 balrugs (Geh:7)
  A fire giant (Vaults:5)
  A draconian scorcher (Zot:5)
  A draconian stormcaller (Zot:5)
  A draconian annihilator (Zot:5)
  A very ugly thing (Vaults:5)
  A stone giant (Vaults:5)
  A purple draconian (Zot:5)
  5 mummy priests (Tomb:2)
  An ettin (Vaults:5)
  A deep elf death mage (Vaults:5)
  A yaktaur captain (Vaults:5)
  3 vault guards (Vaults:5)
  5 death scarabs
  An orc knight (Vaults:5)
  An iron dragon skeleton (Tomb:2)
  2 elephants (Lair:5)
  A hellion (Geh:7)
  9 guardian mummies
  7 flying skulls (Tomb:2)
  3 ushabtiu (Tomb:2)
  A water moccasin (Lair:5)
  An orc priest (D:5)
  17 mummies
  3 gnolls (D:5)
  3 orcs
  6 hobgoblins
106 creatures vanquished.

Vanquished Creatures (others)
  2 dread liches
  An orb of fire (Zot:5)
  7 royal mummies (Tomb:3)
  2 Brimstone Fiends (Geh:7)
  An electric golem (Zot:5)
  A Hell Sentinel (Tomb:3)
  3 liches
  A tentacled monstrosity (Zot:5)
  11 Orb Guardians (Zot:5)
  A searing wretch (Geh:7)
  A sphinx (Tomb:1)
  An eldritch tentacle (Tomb:3)
  A shadow dragon (Zot:5)
  A fire giant (Vaults:5)
  2 frost giants (Vaults:5)
  2 deep elf sorcerers (Vaults:5)
  3 balrugs (Geh:7)
  2 shard shrike simulacra (Coc:7)
  A draconian stormcaller (Zot:5)
  A demonspawn blood saint (Pan)
  A purple draconian (Zot:5)
  2 red draconians (Zot:5)
  A white draconian (Zot:5)
  2 deep elf death magi (Vaults:5)
  2 yaktaur captains (Vaults:5)
  2 deep elf high priests (Vaults:5)
  6 mummy priests
  2 salamander tyrants (Geh:7)
  14 vault guards (Vaults:5)
  A juggernaut simulacrum (Coc:7)
  11 death scarabs (Tomb:3)
  A shock serpent (shapeshifter) (Vaults:5)
  A skeletal warrior (Tomb:1)
  A sixfirhy (Pan)
  2 phantasmal warriors (Vaults:5)
  An ironbound convoker (Vaults:5)
  2 spriggan simulacra
  A shining eye (shapeshifter) (Vaults:5)
  2 fauns (Shoals:2)
  2 elephants (Lair:5)
  A smoke demon (Pan)
  A titan simulacrum (Coc:2)
  6 hellions (Geh:7)
  2 anaconda simulacra
  A bunyip simulacrum (Coc:2)
  A tormentor (Geh:7)
  A freezing wraith (Vaults:5)
  14 guardian mummies
  A raiju (Abyss:3)
  A slime creature (Slime:5)
  3 ushabtiu
  A hell hound (Abyss:3)
  An ogre (D:4)
  A small abomination (Abyss:3)
  A scorpion (D:8)
  8 mummies (Tomb:3)
  4 gnolls
  2 orcs
  3 creeping infernos
  2 foxfires (Abyss:3)
  21 starspawn tentacles
  2 tentacles (Abyss:3)
180 creatures vanquished.

Grand Total: 4111 creatures vanquished

Notes
Turn   | Place    | Note
-------+----------+-------------------------------------------
     0 | D:1      | Kearsarge the Octopode Artificer began the quest for the
                  | Orb.
     0 | D:1      | Reached XP level 1. HP: 13/13 MP: 1/1
   415 | D:1      | Reached XP level 2. HP: 18/18 MP: 2/2
  1134 | D:2      | Reached XP level 3. HP: 24/24 MP: 3/3
  1154 | D:2      | Noticed Natasha
  1160 | D:2      | Killed Natasha
  1357 | D:2      | Noticed Terence
  1373 | D:2      | Killed Terence
  1374 | D:2      | Reached skill level 1 in Unarmed Combat
  1374 | D:2      | Reached XP level 4. HP: 31/31 MP: 4/4
  2068 | D:3      | Reached XP level 5. HP: 36/36 MP: 5/5
  2573 | D:3      | Found a bloodstained altar of Trog.
  2621 | D:4      | Noticed Menkaure
  2626 | D:4      | Killed Menkaure
  2627 | D:4      | Reached XP level 6. HP: 43/43 MP: 6/6
  2759 | D:4      | Noticed Ijyb
  2766 | D:4      | Killed Ijyb
  2860 | D:4      | Found a sparkling altar of Nemelex Xobeh.
  2988 | D:4      | Reached XP level 7. HP: 48/48 MP: 7/7
  3345 | D:4      | Found a runed translucent gate.
  3346 | D:4      | Found a runed translucent gate.
  3347 | D:4      | Found a runed translucent gate.
  3347 | D:4      | Noticed dhlexpress's ghost (amateur DECj)
  3423 | D:4      | Found a snail-covered altar of Cheibriados.
  3639 | D:5      | Entered Level 5 of the Dungeon
  4058 | D:5      | Reached skill level 5 in Shapeshifting
  4235 | D:5      | Reached XP level 8. HP: 50/54 MP: 8/8
  5646 | D:6      | Reached XP level 9. HP: 57/58 MP: 9/9
  6022 | D:6      | Noticed Blork the orc
  6032 | D:6      | Killed Blork the orc
  6397 | D:6      | Found a staircase to the Ecumenical Temple.
  6407 | Temple   | Entered the Ecumenical Temple
  6422 | Temple   | Became a worshipper of Gozag Ym Sagoz the Greedy
  6713 | D:7      | Found a radiant altar of Vehumet.
  6731 | D:7      | Found a blossoming altar of Fedhas.
  6779 | D:7      | Reached skill level 10 in Shapeshifting
  7185 | D:8      | Noticed a two-headed ogre
  7285 | D:8      | Reached skill level 5 in Unarmed Combat
  7351 | D:8      | Reached skill level 5 in Fighting
  7388 | D:8      | Found a staircase to the Lair.
  7394 | D:8      | Reached XP level 10. HP: 55/67 MP: 10/10
  7793 | D:8      | Noticed Psyche
  7797 | D:8      | Killed Psyche
  7841 | D:8      | Killed a two-headed ogre
  7976 | D:8      | Noticed Erica
  7982 | D:8      | Killed Erica
  7989 | D:8      | Found an ancient bone altar of Kikubaaqudgha.
  8075 | D:8      | Noticed Prince Ribbit
  8081 | D:8      | Killed Prince Ribbit
  8196 | D:8      | Found Seschol's General Store.
  8198 | D:8      | Found Celuok's Specific Store.
  8208 | D:8      | Bought a scroll of blinking for 97 gold pieces
  8432 | D:8      | Found a sacrificial altar of Ru.
  8548 | D:9      | Found a stormy altar of Qazlal.
  8571 | D:9      | Reached XP level 11. HP: 78/78 MP: 11/11
  8683 | D:9      | Noticed Jeremiah
  8696 | D:9      | Killed Jeremiah
  8872 | D:9      | Noticed a two-headed ogre
  9585 | D:9      | Found Duackye's Neck Hole.
  9803 | D:10     | Entered Level 10 of the Dungeon
  9985 | D:10     | Found a staircase to the Orcish Mines.
 10676 | D:11     | Noticed Snorg
 10710 | Orc:1    | Entered Level 1 of the Orcish Mines
 11227 | Orc:1    | Noticed Erolcha
 11676 | Lair:1   | Entered Level 1 of the Lair of Beasts
 11784 | Lair:1   | Identified the ring "Duopp" {rPois rC- rN+ Will+++ Int+6}
 11824 | Lair:1   | Noticed Maggie
 11858 | Lair:1   | Killed Maggie
 12297 | Lair:1   | Identified the +2 cloak "Taratt" {Will+}
 12312 | Lair:1   | Reached XP level 12. HP: 85/85 MP: 12/12
 12648 | Lair:2   | Noticed Sonja
 12913 | Lair:2   | Sonja changed into Sonja the polar bear
 12913 | Lair:2   | Noticed Sonja
 12917 | Lair:2   | Killed Sonja the polar bear
 13398 | Lair:2   | Found a hole to the Spider Nest.
 13738 | Lair:2   | Found the +7 Kryia's mail coat {PotionHeal*2 rC+}
 13866 | D:9      | Bought the amulet of Hagathal {Acrobat Regen+ rCorr Slay-3
                  | SInv} for 410 gold pieces
 13977 | Lair:2   | Noticed Harold
 14609 | Lair:2   | Noticed fbwer's ghost (adept FoHu)
 14658 | Lair:2   | Found a runed translucent gate.
 14658 | Lair:2   | Found a runed translucent gate.
 14658 | Lair:2   | Found a runed translucent gate.
 15082 | Lair:3   | Reached skill level 10 in Fighting
 15193 | Lair:3   | Found a dark tunnel.
 15208 | Lair:3   | Reached skill level 15 in Shapeshifting
 15255 | Lair:3   | Reached XP level 13. HP: 92/92 MP: 13/13
 15298 | Lair:3   | Identified the +1 pair of gloves "Liogeh" {Str+2}
 16063 | Lair:4   | Found a staircase to the Slime Pits.
 16140 | Lair:4   | Identified a scroll of acquirement
 16140 | Lair:4   | Acquired 523 gold pieces
 16520 | Lair:4   | Identified the +3 chain mail of Foolhardiness {rF+ Dex+4}
 16535 | Lair:4   | Found a viscous altar of Jiyva.
 17289 | Lair:5   | Entered Level 5 of the Lair of Beasts
 17861 | Lair:5   | Reached XP level 14. HP: 99/99 MP: 14/14
 18956 | D:11     | Noticed Fannar
 18971 | D:11     | Killed Fannar
 19501 | Lair:2   | Bought a storm talisman for 1440 gold pieces
 19584 | Lair:2   | Killed fbwer's ghost
 19610 | Lair:2   | Got the ring of Arov {Fire +Blink Int-2 Slay+5}
 19694 | Lair:2   | Killed Harold
 19963 | Lair:5   | Found a large runed translucent door.
 20061 | Lair:5   | Found a large runed translucent door.
 20655 | D:12     | Found Xacy's Weapon Emporium.
 20709 | D:12     | Found a transporter.
 20871 | D:12     | Found a transporter.
 20916 | D:12     | Found a one-way gate to the infinite horrors of the Abyss.
 20916 | D:12     | Noticed squeakweiz's ghost (journeyman TrFi)
 21006 | D:12     | Acquired 1030 gold pieces
 21080 | D:9      | Bought the ring "Vafomn" {+Blink rF+ rN++ Dex+6 Slay-2} for
                  | 709 gold pieces
 21176 | Lair:2   | Bought a +6 ring of dexterity for 648 gold pieces
 21400 | Orc:2    | Entered Level 2 of the Orcish Mines
 21470 | Orc:1    | Killed Erolcha
 21647 | Orc:1    | Found a bloodstained altar of Trog.
 21775 | Orc:1    | Reached XP level 15. HP: 35/105 MP: 15/15
 22079 | Orc:2    | Found a staircase to the Elven Halls.
 22177 | Orc:2    | Reached skill level 5 in Dodging
 22203 | Orc:2    | Found Arint's Weapon Shoppe.
 22308 | Orc:2    | Found Dogaluen's Weapon Boutique.
 22310 | Orc:2    | Found Esistra's General Store.
 22310 | Orc:2    | Found Geicsum's General Store.
 22414 | Orc:2    | Bought a scroll of identify for 26 gold pieces
 22415 | Orc:2    | Bought a phantom mirror for 520 gold pieces
 22416 | Orc:2    | Bought 2 potions of berserk rage for 160 gold pieces
 22416 | Orc:2    | Bought a potion of curing for 48 gold pieces
 23137 | D:13     | Found a radiant altar of Vehumet.
 23351 | D:13     | Found a gate to the Vaults.
 23488 | D:13     | Found a runed translucent gate.
 23488 | D:13     | Found a runed translucent gate.
 23488 | D:13     | Found an ancient bone altar of Kikubaaqudgha.
 23488 | D:13     | Found a runed translucent gate.
 23488 | D:13     | Noticed Agrajag's ghost (journeyman VSBr)
 23489 | D:13     | Noticed a lich
 23489 | D:13     | Noticed fbwer's ghost (novice FoHu)
 23490 | D:13     | Noticed a lich
 23490 | D:13     | Noticed a lich
 23576 | D:14     | Noticed Nessos
 23577 | D:14     | Killed Nessos
 23750 | D:14     | Noticed Rupert
 24007 | D:14     | Got the Codex of Variation and Soot
 24316 | D:14     | Bought a potion of might for 156 gold pieces
 24466 | Spider:1 | Entered Level 1 of the Spider Nest
 24759 | Spider:1 | You are sucked into a shaft and drop 1 floor!
 24814 | Spider:2 | Reached XP level 16. HP: 66/111 MP: 16/16
 25382 | Spider:1 | Identified the +10 shortbow of Amupi {freeze, rF++}
 26048 | Spider:1 | Found the +10 dark maul {heavy}
 27543 | Spider:3 | Reached XP level 17. HP: 117/117 MP: 17/17
 27877 | Spider:4 | Entered Level 4 of the Spider Nest
 27942 | Spider:4 | Found a runed translucent door.
 27942 | Spider:4 | Found a shimmering altar of Xom.
 27942 | Spider:4 | Noticed Boogie's ghost (adept MiFi)
 28637 | Spider:4 | Reached skill level 10 in Unarmed Combat
 28905 | Spider:4 | Reached skill level 10 in Dodging
 29057 | Spider:4 | Got a gossamer rune of Zot
 29395 | Shoals:1 | Entered Level 1 of the Shoals
 29395 | Shoals:1 | Noticed Alixiyti's ghost (journeyman HOFi)
 29395 | Shoals:1 | Found a runed translucent door.
 29397 | Shoals:1 | Noticed Nikola
 29413 | Shoals:1 | Killed Nikola
 29447 | Shoals:1 | Reached XP level 18. HP: 127/127 MP: 18/18
 29485 | Shoals:1 | Noticed Donald
 29491 | Shoals:1 | Killed Donald
 30696 | Shoals:2 | Noticed Polyphemus
 30712 | Shoals:2 | Killed Polyphemus
 30839 | Shoals:2 | Noticed Ilsuiw
 30868 | Shoals:2 | Killed Ilsuiw
 31332 | Shoals:3 | Found Lem Xax's Assorted Antiques.
 31605 | Shoals:3 | Identified the +1 scimitar of Gluttony {protect, Will+}
 31714 | Shoals:4 | Entered Level 4 of the Shoals
 31787 | Shoals:4 | Reached XP level 19. HP: 92/134 MP: 19/19
 31921 | Shoals:4 | Got the Dissertation on the Grave and Fumes
 32038 | Shoals:4 | Got a barnacled rune of Zot
 33053 | Elf:1    | Entered Level 1 of the Elven Halls
 33199 | D:13     | Killed fbwer's ghost
 33223 | D:13     | Killed Agrajag's ghost
 33244 | D:13     | Identified the ring "Rairam" {Fly Will++ Str+3}
 34123 | Elf:1    | Reached skill level 15 in Dodging
 34603 | Elf:1    | Gained mutation: You occasionally lose the ability to drink
                  | potions when taking damage. [a shining eye]
 34609 | Elf:1    | Reached skill level 15 in Fighting
 34955 | Elf:2    | Found a runed translucent gate.
 34955 | Elf:2    | Found a runed translucent gate.
 34955 | Elf:2    | Found a runed translucent gate.
 35011 | Elf:2    | Noticed PiratePeteNZ's ghost (journeyman MiMo)
 35429 | Elf:2    | Reached XP level 20. HP: 146/146 MP: 20/20
 35460 | Elf:2    | Found a huge runed translucent gate.
 35461 | Elf:2    | Found a huge runed translucent gate.
 35461 | Elf:2    | Found a huge runed translucent gate.
 35462 | Elf:2    | Found a huge runed translucent gate.
 35464 | Elf:2    | Found a huge runed translucent gate.
 35539 | Elf:3    | Entered Level 3 of the Elven Halls
 36588 | Elf:3    | Identified the +7 quarterstaff "Paotity" {holy, Fly rN++
                  | Dex+3}
 36588 | Elf:3    | Identified the ring "Lewnunuony" {rPois rF+ rN+ rCorr
                  | Dex-5}
 36657 | Elf:3    | Identified the +1 leather armour of the Carpenter {rN+
                  | rCorr Str+3}
 36657 | Elf:3    | Identified the amulet of Dim Light {Faith Int+4 Stlth-}
 36802 | Elf:3    | Got Pacadof's Parchment of the Niveous Birds
 36807 | Elf:3    | Got the Anthology of Unclean Silt
 37033 | Elf:3    | Found the +8 storm bow {elec, penet}
 37059 | Elf:3    | Identified the +1 helmet "Xefaxt" {rPois Regen+ Str-2}
 37064 | Elf:3    | Got the Omnibus of Postmortem Contamination
 37359 | D:9      | Bought the storm talisman of Inevitability {rF+} for 2118
                  | gold pieces
 37453 | D:15     | Entered Level 15 of the Dungeon
 37578 | D:15     | Found a portal to a secret trove of treasure.
 37648 | D:15     | Bought a scroll of teleportation for 54 gold pieces
 37648 | D:15     | Bought a scroll of fear for 72 gold pieces
 37648 | D:15     | Bought a scroll of revelation for 135 gold pieces
 37648 | D:15     | Bought a scroll of revelation for 135 gold pieces
 37648 | D:15     | Bought a scroll of revelation for 135 gold pieces
 37768 | D:15     | Found a basalt altar of Yredelemnul.
 38100 | D:15     | Found a staircase to the Depths.
 38262 | Vaults:1 | Entered Level 1 of the Vaults
 38747 | Vaults:1 | Reached XP level 21. HP: 152/157 MP: 21/21
 39889 | Vaults:2 | You are sucked into a shaft and drop 1 floor!
 39889 | Vaults:3 | Found Tuon's Distillery.
 39893 | Vaults:3 | Bought a potion of might for 72 gold pieces
 39893 | Vaults:3 | Bought a potion of heal wounds for 90 gold pieces
 39893 | Vaults:3 | Bought a potion of heal wounds for 90 gold pieces
 39893 | Vaults:3 | Bought a potion of haste for 180 gold pieces
 40030 | Vaults:3 | Noticed Zenata
 40142 | Vaults:3 | Killed Zenata
 40853 | Vaults:2 | Found Dennatso's Weapon Shop.
 40864 | Vaults:2 | Identified the amulet of Autotheism {+Blink rC++ Regen+
                  | rCorr Dex-2}
 41917 | Vaults:2 | Reached skill level 15 in Unarmed Combat
 41951 | Vaults:2 | Found a staircase to the Crypt.
 41967 | Vaults:2 | Reached XP level 22. HP: 75/166 MP: 22/22
 42377 | Vaults:3 | Lost mutation: You occasionally lose the ability to drink
                  | potions when taking damage. [potion of mutation]
 42377 | Vaults:3 | Gained mutation: You have hidden genetic defects. [potion
                  | of mutation]
 42378 | Vaults:3 | Lost mutation: You have hidden genetic defects. [potion of
                  | mutation]
 42378 | Vaults:3 | Gained mutation: Your health recovers twice as slowly from
                  | being drained. [potion of mutation]
 42378 | Vaults:3 | Gained mutation: You occasionally lose the ability to read
                  | scrolls when taking damage. [potion of mutation]
 42379 | Vaults:3 | Lost mutation: Your health recovers twice as slowly from
                  | being drained. [potion of mutation]
 42379 | Vaults:3 | Lost mutation: You occasionally lose the ability to read
                  | scrolls when taking damage. [potion of mutation]
 42379 | Vaults:3 | Gained mutation: One of your tentacles bears a spike.
                  | [potion of mutation]
 42379 | Vaults:3 | Gained mutation: Your body sometimes deteriorates upon
                  | taking damage. [potion of mutation]
 42379 | Vaults:3 | Gained mutation: You occasionally lose the ability to drink
                  | potions when taking damage. [potion of mutation]
 42380 | Vaults:3 | Lost mutation: One of your tentacles bears a spike. [potion
                  | of mutation]
 42380 | Vaults:3 | Lost mutation: You occasionally lose the ability to drink
                  | potions when taking damage. [potion of mutation]
 42380 | Vaults:3 | Lost mutation: Your body sometimes deteriorates upon taking
                  | damage. [potion of mutation]
 42380 | Vaults:3 | Gained mutation: You occasionally shout uncontrollably at
                  | your foes. [potion of mutation]
 42380 | Vaults:3 | Gained mutation: You are covered in fur. (AC +1) [potion of
                  | mutation]
 42954 | Vaults:4 | Noticed Norris
 42970 | Vaults:4 | Killed Norris
 43283 | Vaults:4 | Noticed Mara
 43284 | Vaults:4 | Found the +27 heavy crossbow "Sniper" {heavy, Acc+โˆž SInv}
 43289 | Vaults:4 | Killed Mara
 43369 | Vaults:4 | Identified the serpent talisman of the Feeding Gods {rElec
                  | Str+2 Int+2}
 43369 | Vaults:4 | Noticed Aizul
 43373 | Vaults:4 | Killed Aizul
 43854 | Vaults:5 | Entered Level 5 of the Vaults
 44149 | Vaults:5 | Noticed a dread lich
 44151 | Vaults:5 | Identified the amulet of the Trilobite {Spirit Dex+6
                  | Stlth+}
 44185 | Vaults:5 | Identified the +8 mace of Purpose {drain, rN+ Int+3 Stlth+}
 44219 | Vaults:5 | Identified the staff of the Howling Firefly {rF+ Will+
                  | rCorr Fire}
 44378 | Vaults:5 | Found the +6 lightning scales {swift, rElec}
 44504 | Vaults:5 | Identified the +0 crystal plate armour of Vuelojeq {rElec
                  | rN+ Regen+}
 44507 | Vaults:5 | Reached XP level 23. HP: 107/172 MP: 23/23
 44621 | Vaults:5 | Got a silver rune of Zot
 44666 | Vaults:5 | Identified the +11 great mace "Brush" {drain, Will+}
 44726 | Vaults:5 | Identified the +2 glaive "Ultimatum" {freeze, rPois rCorr
                  | Str-4 Stlth+}
 45045 | Vaults:5 | Identified the ring "Ranoogixt" {rPois rF+ rN++ Int-5
                  | Slay+4}
 45139 | Vaults:5 | Identified the ring "Coxaqial" {rF++ rN+ Dex+6 Stlth+}
 45408 | Depths:1 | Entered Level 1 of the Depths
 45525 | Depths:1 | Found a gateway to Hell.
 45539 | Depths:1 | Noticed the Enchantress
 45672 | Depths:1 | Killed the Enchantress
 45863 | Depths:1 | Found Jocumead's Assorted Antiques.
 45927 | Depths:1 | Found a one-way gateway to a ziggurat.
 45968 | Zig:1    | Entered Level 1 of a ziggurat
 45987 | Zig:2    | Entered Level 2 of a ziggurat
 46084 | Zig:3    | Entered Level 3 of a ziggurat
 46173 | Zig:4    | Entered Level 4 of a ziggurat
 46203 | Zig:4    | Reached XP level 24. HP: 179/179 MP: 23/23
 46212 | Zig:5    | Entered Level 5 of a ziggurat
 46258 | Zig:6    | Entered Level 6 of a ziggurat
 47037 | Depths:2 | Found Ucyib's General Store.
 47050 | Depths:2 | Bought a potion of might for 52 gold pieces
 47203 | Depths:2 | Found a one-way gate leading to the halls of Pandemonium.
 47372 | D:14     | Killed Rupert
 47549 | Slime:1  | Entered Level 1 of the Pits of Slime
 47785 | Slime:4  | Reached XP level 25. HP: 174/184 MP: 23/23
 47788 | Slime:4  | Noticed Dissolution
 47794 | Slime:4  | Killed Dissolution
 47798 | Slime:4  | Gained mutation: You do not regenerate when monsters are
                  | visible. [a shining eye]
 47831 | Slime:4  | Lost mutation: You do not regenerate when monsters are
                  | visible. [potion of mutation]
 47831 | Slime:4  | Lost mutation: You occasionally shout uncontrollably at
                  | your foes. [potion of mutation]
 47831 | Slime:4  | Lost mutation: You are covered in fur. (AC +1) [potion of
                  | mutation]
 47831 | Slime:4  | Gained mutation: Your natural rate of healing is unusually
                  | fast. [potion of mutation]
 47836 | Slime:5  | Entered Level 5 of the Pits of Slime
 47996 | Slime:5  | Found a viscous altar of Jiyva.
 48183 | Slime:5  | Gained mutation: You occasionally shout uncontrollably at
                  | your foes. [a shining eye]
 48189 | Slime:5  | Noticed the Royal Jelly
 48206 | Slime:5  | Killed the Royal Jelly
 48356 | Slime:5  | Identified the +9 sling of the Mauling Bear {freeze, Fly
                  | rN++ Int-2 Dex-4}
 48359 | Slime:5  | Got the Tome of Causimancy
 48370 | Slime:5  | Identified the staff "Tymica Gug" {rElec Will++ SInv Stlth-
                  | Air}
 48373 | Slime:5  | Identified the +4 rapier "Tuemush" {flame, rN+ Int+3}
 48415 | Slime:5  | Identified the ring "Vaicwuig" {rC+++ EV+5}
 48429 | Slime:5  | Identified the staff of Watchfulness {Fly rElec Str+4 Dex-2
                  | Air}
 48484 | Slime:5  | Got a slimy rune of Zot
 48485 | Slime:5  | Identified the +4 falchion of Upheaval {freeze, *Noise
                  | rC+++ Str+4}
 49172 | Depths:3 | Noticed a dread lich
 49178 | Depths:3 | Killed a dread lich
 49350 | Depths:3 | Identified the +7 leather armour of Zuyc {rF+ rC- Int+3}
 49391 | Depths:3 | Got the Folio of Mutable Confrontation
 49396 | Depths:3 | Identified the +5 chain mail "Cuirauni" {rPois Regen+ Int-4
                  | Dex+3}
 50309 | Depths:4 | Entered Level 4 of the Depths
 50490 | Depths:4 | Found a radiant altar of Vehumet.
 50490 | Depths:4 | Found a basalt altar of Yredelemnul.
 50491 | Depths:4 | Found an iron altar of Okawaru.
 50507 | Depths:4 | Reached XP level 26. HP: 191/193 MP: 23/23
 50640 | Depths:4 | Found a gate to the Realm of Zot.
 50824 | Depths:4 | Noticed an ancient lich
 50824 | Depths:4 | Noticed a juggernaut
 50834 | Depths:4 | Killed a juggernaut
 50836 | Depths:4 | Killed an ancient lich
 50905 | Depths:4 | Noticed a juggernaut
 50909 | Depths:4 | Killed a juggernaut
 50959 | Depths:4 | Identified the +5 dagger of the Kissing Gods {heavy,
                  | *Corrode rPois Will+ Dex+3 SInv}
 51064 | Depths:4 | Identified the staff of Yprutus {rC+ rCorr Str+3 Summ Ice}
 51212 | Depths:4 | Noticed a juggernaut
 51216 | Depths:4 | Killed a juggernaut
 51474 | Pan      | Entered Pandemonium
 51606 | Pan      | Found an exit through the horrors of the Abyss.
 51852 | Pan      | Noticed Silog the pandemonium lord
 51868 | Pan      | Killed Silog the pandemonium lord
 52061 | Pan      | Got a demonic rune of Zot
 52106 | Pan      | Found an exit through the horrors of the Abyss.
 52141 | Pan      | Found an exit through the horrors of the Abyss.
 52278 | Pan      | Reached XP level 27. HP: 184/205 MP: 23/23
 52515 | Pan      | Gained mutation: Your spells are a little harder to cast,
                  | but a little more powerful. [a neqoxec]
 52773 | Pan      | Entered the realm of Mnoleg.
 52864 | Pan      | Gained mutation: Your magical capacity is low. (-10% MP) [a
                  | cacodemon]
 52922 | Pan      | Gained mutation: One of your tentacles bears a spike. [a
                  | shining eye]
 52927 | Pan      | Noticed Mnoleg
 52949 | Pan      | Killed Mnoleg
 53043 | Pan      | Identified the +7 battleaxe of Yvuamisa {holy, rC+}
 53126 | Pan      | Got a glowing rune of Zot
 53219 | Pan      | Entered the realm of Lom Lobon.
 53220 | Pan      | Found an exit through the horrors of the Abyss.
 53823 | Pan      | Noticed Lom Lobon
 53831 | Pan      | Killed Lom Lobon
 53953 | Pan      | Got a magical rune of Zot
 54460 | Pan      | Found an exit through the horrors of the Abyss.
 54548 | Pan      | Gained mutation: You occasionally lose the ability to read
                  | scrolls when taking damage. [a cacodemon]
 54645 | Pan      | Lost mutation: Your natural rate of healing is unusually
                  | fast. [potion of mutation]
 54645 | Pan      | Lost mutation: Your magical capacity is low. (-10% MP)
                  | [potion of mutation]
 54645 | Pan      | Lost mutation: You occasionally lose the ability to read
                  | scrolls when taking damage. [potion of mutation]
 54645 | Pan      | Gained mutation: You are somewhat resistant to further
                  | mutation. [potion of mutation]
 54671 | Pan      | Found an exit through the horrors of the Abyss.
 54785 | Pan      | Entered the realm of Cerebov.
 54786 | Pan      | Found the +6 sword of Cerebov {flame}
 54786 | Pan      | Noticed Cerebov
 54845 | Pan      | Identified the ring "Kanink" {rElec EV+5 Dex+4}
 54887 | Pan      | Got the Papyrus of Ensorcelling and Location
 54958 | Pan      | Killed Cerebov
 55190 | Pan      | Identified the ring of Yhaveqasch {rElec Will- AC+4 Str+3}
 55200 | Pan      | Identified the +7 halberd of Dutuarr {spect, rC+ Dex+2}
 55237 | Pan      | Got a fiery rune of Zot
 55401 | Pan      | Identified the +2 chain mail of Chimes {*Corrode Regen+
                  | Int+6}
 55660 | Pan      | Entered the realm of Gloorx Vloq.
 55941 | Pan      | Noticed Gloorx Vloq
 55956 | Pan      | Killed Gloorx Vloq
 56048 | Pan      | Got a dark rune of Zot
 56263 | Pan      | Found an exit through the horrors of the Abyss.
 56447 | Pan      | Noticed Fiprodgh the pandemonium lord
 56456 | Pan      | Killed Fiprodgh the pandemonium lord
 56559 | Pan      | Noticed Odwisee the pandemonium lord
 56566 | Pan      | Killed Odwisee the pandemonium lord
 56824 | Depths:2 | Escaped Pandemonium
 56947 | Depths:3 | Voluntarily entered the Abyss.
 57417 | Abyss:2  | Found a shadowy altar of Dithmenos.
 57457 | Abyss:2  | Found a shadowy altar of Dithmenos.
 57457 | Abyss:2  | Found a shadowy altar of Dithmenos.
 57607 | Abyss:2  | Found a shadowy altar of Dithmenos.
 57649 | Abyss:2  | Found a corrupted altar of Lugonu.
 57772 | Abyss:3  | Found a corrupted altar of Lugonu.
 57776 | Abyss:3  | Found a corrupted altar of Lugonu.
 57880 | Abyss:3  | Noticed an ancient lich
 57893 | Abyss:3  | Killed an ancient lich
 58138 | Abyss:3  | Found a corrupted altar of Lugonu.
 58225 | Abyss:3  | Found a corrupted altar of Lugonu.
 58241 | Abyss:3  | Found a corrupted altar of Lugonu.
 58289 | Abyss:3  | Found a corrupted altar of Lugonu.
 58353 | Abyss:3  | Paralysed by accursed screaming for 1 turns
 58364 | Abyss:3  | Found a corrupted altar of Lugonu.
 58551 | Abyss:3  | Found a corrupted altar of Lugonu.
 58652 | Abyss:3  | Found a corrupted altar of Lugonu.
 59099 | Abyss:3  | Paralysed by you for 3 turns
 59118 | Abyss:3  | Got an abyssal rune of Zot
 59180 | Abyss:3  | Found a corrupted altar of Lugonu.
 59246 | Abyss:3  | Paralysed by accursed screaming for 1 turns
 59345 | Depths:3 | Escaped the Abyss
 59654 | Crypt:1  | Entered Level 1 of the Crypt
 59808 | Crypt:2  | Noticed a royal mummy
 59814 | Crypt:2  | Noticed Khufu
 59820 | Crypt:2  | Killed a royal mummy
 59885 | Crypt:2  | Killed Khufu
 59894 | Crypt:2  | Noticed a royal mummy
 59897 | Crypt:2  | Killed a royal mummy
 60037 | Crypt:2  | Noticed Zoalos's ghost (veteran GrEE)
 60038 | Crypt:2  | Found a runed translucent gate.
 60042 | Crypt:2  | Found a runed translucent gate.
 60043 | Crypt:2  | Found a runed translucent gate.
 60250 | Crypt:2  | Killed Zoalos's ghost
 60264 | Crypt:2  | Identified the ring of Lugonu's Delight {rPois Will+ Int+3
                  | Dex+4}
 60374 | Crypt:3  | Entered Level 3 of the Crypt
 60562 | Crypt:3  | Found a staircase to the Tomb.
 60581 | Tomb:1   | Entered Level 1 of the Tomb of the Ancients
 60820 | Tomb:1   | Noticed a royal mummy
 60828 | Tomb:1   | Noticed a royal mummy
 61157 | Tomb:1   | Noticed a royal mummy
 61297 | Tomb:1   | Noticed a royal mummy
 61305 | Tomb:1   | Killed a royal mummy
 61480 | Tomb:2   | Noticed a royal mummy
 61481 | Tomb:2   | Noticed a royal mummy
 61485 | Tomb:2   | Noticed a royal mummy
 61488 | Tomb:2   | Noticed a royal mummy
 61495 | Tomb:2   | Noticed a royal mummy
 61496 | Tomb:2   | Killed a royal mummy
 61504 | Tomb:2   | Killed a royal mummy
 61512 | Tomb:2   | Killed a royal mummy
 61513 | Tomb:2   | Killed a royal mummy
 61736 | Tomb:3   | Entered Level 3 of the Tomb of the Ancients
 61745 | Tomb:3   | Noticed a royal mummy
 61747 | Tomb:3   | Noticed a royal mummy
 61760 | Tomb:3   | Killed a royal mummy
 61767 | Tomb:3   | Noticed a royal mummy
 61770 | Tomb:3   | Killed a royal mummy
 61771 | Tomb:3   | Noticed a royal mummy
 61782 | Tomb:3   | Killed a royal mummy
 61792 | Tomb:3   | Killed a royal mummy
 61798 | Tomb:3   | Noticed a royal mummy
 61808 | Tomb:3   | Noticed a royal mummy
 61828 | Tomb:3   | Noticed a royal mummy
 61830 | Tomb:3   | Killed a royal mummy
 61834 | Tomb:3   | Noticed a royal mummy
 61835 | Tomb:3   | Killed a royal mummy
 61836 | Tomb:3   | Killed a royal mummy
 61870 | Tomb:3   | Killed a royal mummy
 61949 | Tomb:3   | Noticed a royal mummy
 61958 | Tomb:3   | Killed a royal mummy
 62316 | Tomb:3   | Identified the +9 war axe of Saixkez {flame, Fly rPois
                  | Str+5 Dex-5}
 62521 | Tomb:3   | Got a golden rune of Zot
 62571 | Tomb:3   | Found the +3 crown of Dyrovepreva {rElec Int+2 SInv}
 62586 | Tomb:3   | Identified the amulet "Tuewyl" {Reflect Dex+4 SH+5}
 62613 | Tomb:3   | Identified the +2 battleaxe of Eternal Harmony {drain,
                  | +Blink Str+3}
 62659 | Tomb:3   | Identified the staff of Laniabil {rPois Str+3 Earth Poison}
 62767 | Tomb:1   | Gained mutation: You are frail. (-10% HP) [mutagenic glow]
 62777 | Tomb:1   | Killed a royal mummy
 62791 | Tomb:1   | Killed a royal mummy
 63233 | Hell     | Entered the Vestibule of Hell
 63233 | Hell     | Noticed Geryon
 63238 | Hell     | Killed Geryon
 63312 | Hell     | Found a gateway to the ashen valley of Gehenna.
 63314 | Hell     | Reached skill level 1 in Invocations
 63484 | Hell     | Found a gateway to the Iron City of Dis.
 63504 | Dis:1    | Entered Level 1 of the Iron City of Dis
 63524 | Dis:2    | Reached skill level 5 in Evocations
 63914 | Dis:5    | Reached skill level 10 in Evocations
 63960 | Dis:6    | Noticed a juggernaut
 63969 | Dis:6    | Noticed a juggernaut
 63972 | Dis:6    | Killed a juggernaut
 63974 | Dis:6    | Noticed a juggernaut
 63985 | Dis:6    | Killed a juggernaut
 63995 | Dis:6    | Killed a juggernaut
 64021 | Dis:6    | Noticed a juggernaut
 64034 | Dis:6    | Killed a juggernaut
 64210 | Dis:7    | Entered Level 7 of the Iron City of Dis
 64393 | Dis:7    | Reached skill level 15 in Evocations
 64696 | Dis:7    | Noticed Dispater
 64710 | Dis:7    | Killed Dispater
 64756 | Dis:7    | Got an iron rune of Zot
 64792 | Dis:7    | Noticed a juggernaut
 64796 | Dis:7    | Killed a juggernaut
 65086 | Hell     | Found a gateway to the freezing wastes of Cocytus.
 65150 | Coc:1    | Entered Level 1 of Cocytus
 66355 | Coc:7    | Entered Level 7 of Cocytus
 66403 | Coc:7    | Paralysed by a wendigo for 1 turns
 66864 | Coc:7    | Noticed Antaeus
 67303 | Coc:7    | Got an icy rune of Zot
 67333 | Coc:7    | Killed Antaeus
 67579 | Hell     | Found a gateway to the decaying netherworld of Tartarus.
 67591 | Tar:1    | Entered Level 1 of Tartarus
 67990 | Tar:7    | Entered Level 7 of Tartarus
 68195 | Tar:7    | Identified the +0 shortbow of Noiworic {heavy, rPois Will-
                  | Int+3}
 68302 | Tar:7    | Noticed Ereshkigal
 68345 | Zig:1    | Entered Level 1 of a ziggurat
 68481 | Zig:2    | Entered Level 2 of a ziggurat
 68499 | Zig:3    | Entered Level 3 of a ziggurat
 68514 | Zig:3    | Identified the +7 orcbow of Floods {freeze, Will+ Int+2
                  | Dex+6}
 68525 | Zig:4    | Entered Level 4 of a ziggurat
 68544 | Zig:4    | Identified the +5 glaive of Kinligoi {drain, rElec}
 68555 | Zig:5    | Entered Level 5 of a ziggurat
 68559 | Zig:5    | Found the +4 Cigotuvi's embrace {Corpsefed rMiasma Drain
                  | rN+}
 68560 | Zig:5    | Found the +3 warlock's mirror {omnireflect}
 68591 | Zig:6    | Entered Level 6 of a ziggurat
 68607 | Zig:6    | Reached skill level 27 in Evocations
 68624 | Zig:6    | Acquired 748 gold pieces
 68625 | Zig:6    | Acquired 878 gold pieces
 68643 | Tar:7    | Killed Ereshkigal
 68660 | Tar:7    | Reached skill level 27 in Fighting
 68660 | Tar:7    | Reached skill level 27 in Unarmed Combat
 68663 | Tar:7    | Reached skill level 27 in Shapeshifting
 68941 | Tar:7    | Identified the +8 orcbow of Nireek {heavy, Dex+2}
 68950 | Tar:7    | Got a bone rune of Zot
 69108 | Geh:1    | Entered Level 1 of Gehenna
 69211 | Geh:3    | Noticed an ancient lich
 69219 | Geh:3    | Killed an ancient lich
 69702 | Geh:7    | Entered Level 7 of Gehenna
 69915 | Geh:7    | Reached skill level 5 in Stealth
 69971 | Geh:7    | Noticed the Serpent of Hell
 70009 | Geh:7    | Identified the +1 mace "Gaak Jangon" {flame, *Corrode Fly
                  | rPois rC++}
 70114 | Geh:7    | Reached skill level 27 in Dodging
 70117 | Geh:7    | Found the +13 sceptre of Asmodeus
 70117 | Geh:7    | Noticed Asmodeus
 70134 | Geh:7    | Killed Asmodeus
 70294 | Geh:7    | Got an obsidian rune of Zot
 70592 | Zot:1    | Entered Level 1 of the Realm of Zot
 70649 | Zot:2    | Noticed an orb of fire
 70657 | Zot:2    | Killed an orb of fire
 70714 | Zot:4    | Reached skill level 10 in Stealth
 70931 | Zot:5    | Entered Level 5 of the Realm of Zot
 70992 | Zot:5    | Noticed an orb of fire
 70993 | Zot:5    | Noticed an orb of fire
 70998 | Zot:5    | Reached skill level 15 in Stealth
 71000 | Zot:5    | Noticed an orb of fire
 71001 | Zot:5    | Noticed an orb of fire
 71002 | Zot:5    | Noticed an orb of fire
 71003 | Zot:5    | Noticed an orb of fire
 71003 | Zot:5    | Noticed an orb of fire
 71005 | Zot:5    | Noticed an orb of fire
 71007 | Zot:5    | Noticed a dread lich
 71020 | Zot:5    | Killed an orb of fire
 71094 | Zot:5    | Got the Orb of Zot
 71096 | Zot:5    | Noticed an orb of fire
 71223 | Depths:4 | Noticed Mezerr the pandemonium lord
 71229 | Depths:4 | Killed Mezerr the pandemonium lord
 71617 | D:$      | Escaped with the Orb!

Illustrated notes

Levels and vault maps discovered:
D:1:      minmay_arrival_five_plusses, layout_basic, hangedman_feature_mirror,
          minmay_tetromino_i2
D:2:      minmay_diamond_boxcup, layout_basic, uniq_natasha, uniq_terence
D:3:      layout_loops_ring, lightli_temple_of_fire, solitary_fountain,
          minmay_pentomino_pile
D:4:      layout_loops_ring, mainiacjoe_overflow_catwalk, slow_altar_2,
          gammafunk_ghost_nasty_kobolds, uniq_menkaure, uniq_ijyb
D:5:      minmay_polygon_palace, layout_basic, sigmund_army
D:6:      layout_basic, minmay_temple_entry_poolview,
          kennysheep_generic_room_11, uniq_blork_the_orc
D:7:      layout_gridville, mainiacjoe_overflow_swirl
D:8:      layout_cave_pods, kiku_gazebo_garden_becter,
          nicolae_ru_sacrificial_ziggurat, minmay_lair_entry_grove,
          nicolae_specific_store, uniq_prince_ribbit1, uniq_erica, uniq_psyche
D:9:      layout_loops_ring, lemuel_round_altar, special_room
          [special_room_orc], nicolae_shop_sticking_my_neck_out, uniq_jeremiah
D:10:     layout_gridville, orc_0_dummy
D:11:     layout_roguey, uniq_snorg, uniq_fannar
D:12:     layout_big_octagon, gammafunk_ghost_abyssal_escape, serial_shops,
          nicolae_stop_n_shop_1, hangedman_batty
D:13:     layout_cave_pools, david_vaults_2, gammafunk_ghost_crypt,
          chequers_serial_rivers_small_b, vehumet_crystals
D:14:     layout_long_grid, chequers_garden, drop_trap, roderic_serpentine_path,
          uniq_nessos, uniq_rupert
D:15:     gammafunk_enter_depths_forms, layout_loops_cross, dk_noncrumbling_3,
          enter_trove_2, nicolae_yredelemnul_corpse_copse
Temple:   zaba_magenta_temple
Lair:1:   layout_misc_corridors, uniq_maggie
Lair:2:   layout_regular_city, spider_nest_entry_webs, gammafunk_ghost_icy,
          uniq_sonja, uniq_harold
Lair:3:   layout_gridlike, nicolae_shoals_entry_flooding,
          nicolae_volcano_entry_hallway, minmay_stone_trees_small,
          chequers_serial_rivers_large_a, lemuel_fruit_tree
Lair:4:   layout_loops_ring, nicolae_slime_entry_field_trip,
          serial_bayou_shore_a, lemuel_fruit_fields
Lair:5:   cheibrodos_lair_end_hotspot, layout_loops_ring
Shoals:1: layout_shoals, gammafunk_ghost_grave, nicolae_shoals_land_atoll,
          uniq_donald, uniq_nikola
Shoals:2: layout_shoals, uniq_ilsuiw, uniq_polyphemus
Shoals:3: layout_shoals, serial_shops, shop
Shoals:4: shoals_end_hangedman, layout_shoals, nicolae_shoals_square_sea_wall
Spider:1: nicolae_spider_hilbert_zone_5 [nicolae_spider_hilbert_3_sides_1_open,
          nicolae_spider_hilbert_4_sides_1_open,
          nicolae_spider_hilbert_4_sides_1_open,
          nicolae_spider_hilbert_6_sides_1_open,
          nicolae_spider_hilbert_6_sides_1_open],
          nicolae_spider_nooks_and_crannies
Spider:2: layout_spider_delve, drop_trap
Spider:3: spiders_nest_a
Spider:4: spider_rune_water, ebering_ghost_xom
Slime:1:  layout_caves
Slime:2:  layout_caves
Slime:3:  layout_caves, cheibrodos_slime_lost_civilization_7
Slime:4:  layout_caves, uniq_dissolution
Slime:5:  slime_pit_nicolae_trefoil
Orc:1:    layout_caves, basic_altar, uniq_erolcha
Orc:2:    st_orc_ogre_mass, layout_caves
Elf:1:    elf_arrival_001, layout_geoelf_grid, evilmike_minifort, minivault_8
Elf:2:    elven_hall_of_blades_hangedman_alternative
          [nicolae_blade_entry_hurt_lockers], layout_geoelf_octagon,
          gammafunk_ghost_tricky_traps, glass_columns_b
Elf:3:    minmay_elf_hall_spiked, layout_loops_corners
Vaults:1: nicolae_vaults_more_shelving_1, kennysheep_ogre_elephant_herders,
          nicolae_vaults_double_plus_3, nicolae_vaults_two_Ls, v_misc_18,
          hangedman_vaults_restitches, nicolae_vaults_lightning_bolt,
          vaults_room_grunt_arrival_ludios, nicolae_vaults_swerve,
          nicolae_vaults_diamond_1, ontoclasm_vaults_idyll,
          nicolae_vaults_diamond_1, v_pattern_3,
          nicolae_vaults_trapezoid_lopsided_3, nicolae_vaults_sesquioval_fish,
          grunt_vaults_hallway_short, nicolae_vaults_diamond_1,
          layout_vaults_ring
Vaults:2: v_misc_10, minmay_crypt_entry_simple_corners,
          nicolae_vaults_storage_closets_2, hangedman_vaults_corner, v_misc_19,
          nicolae_vaults_tetromino_T_1, serial_ice_g, vaults_dpeg_cross,
          special_room_vaults [special_room_orc], vaults_mumra_hexcomb,
          layout_vaults_omnigrid, serial_shops, nicolae_shop_just_a_little_nook
Vaults:3: nicolae_vaults_offset_grid_hallway_1, v_misc_11, v_misc_10,
          hangedman_vaults_maws, hangedman_vaults_capsules,
          nicolae_vaults_murderbox, v_misc_13, nicolae_vaults_ninety_degrees,
          nicolae_vaults_door_testing_chamber, nicolae_vaults_little_squares_4,
          nicolae_vaults_bisected_slash, vaults_room_stairs_pillars,
          nicolae_vaults_trapezoid_4, layout_vaults_maze, serial_shops, shop,
          uniq_zenata
Vaults:4: v_misc_5, v_misc_11, grunt_vaults_hallway_short,
          vaults_room_door_hall, dpeg_vaults_monster_box, grunt_vaults_swirl,
          nicolae_vaults_prndl, nicolae_vaults_yaktaur_gun_rack,
          layout_vaults_omnicross, uniq_norris, uniq_aizul, uniq_mara
Vaults:5: serial_shops
Crypt:1:  layout_basic
Crypt:2:  layout_chaotic_city, gammafunk_ghost_split, st_shrine_of_skulls,
          uniq_khufu
Crypt:3:  david_glass_crypt, layout_chaotic_city,
          nicolae_tomb_entry_unfolded_pyramid_orthogonal, hellmonk_scarab_ruin
Tomb:1
Tomb:2
Tomb:3
Depths:1: layout_cave_shapes, enter_ziggurat_c, serial_shops, shop,
          grunt_metal_band, serial_bayou_lake_a, uniq_enchantress
Depths:2: nicolae_aperiodic_l_corner, layout_cave_pools, serial_shops, shop,
          hell_entry, rand_demon_pan_entry_9, hangedman_decor_diamond_cutter,
          minmay_staircase_windowed_large
Depths:3: minmay_broken_ring, layout_long_grid, nicolae_sextant, pf_coc_iceberg,
          abyss_entry, grunt_megastairs_1, serial_bayou_shore_b,
          infiniplex_staircase_zigzag_5
Depths:4: hangedman_slaughterboxes, hell_entry
Hell
Dis:1:    layout_jigsaw
Dis:2:    layout_gridville
Dis:3:    layout_subdivisions
Dis:4:    layout_jigsaw, lemuel_mystery_crypt
Dis:5:    layout_regular_city
Dis:6:    nicolae_hells_titanomachy
Dis:7:    dis_st
Geh:1:    layout_gehenna_pools_basic
Geh:2:    layout_gehenna_pools_triple
Geh:3:    layout_gehenna_pools_basic
Geh:4:    layout_gehenna_pools_box
Geh:5:    layout_gehenna_lava_caves
Geh:6:    layout_gehenna_pools_basic, lemuel_flamethrower_3
Geh:7:    geh_grunt
Coc:1:    layout_ice_bergs
Coc:2:    layout_cocytus_delve
Coc:3:    layout_cocytus_water_paths
Coc:4:    layout_ice_bergs
Coc:5:    layout_ice_bergs
Coc:6:    layout_cocytus_water_paths
Coc:7:    coc_dpeg
Tar:1:    layout_cathedral_of_symmetry, nicolae_tar_grid_combs
Tar:2:    layout_grid_maze
Tar:3:    layout_grid_maze
Tar:4:    layout_grid_maze
Tar:5:    layout_cathedral_of_symmetry, nicolae_tar_cuneiform_not
Tar:6:    layout_grid_maze
Tar:7:    tar_minmay_river
Zot:1:    layout_gridlike, hangedman_zot_decor_unnerving_road,
          grunt_megastairs_2
Zot:2:    kennysheep_oblong_rooms, layout_misc_corridors
Zot:3:    gammafunk_sealed_library, layout_twisted_circle
Zot:4:    grunt_zot_stairs_faceoff, layout_twisted_circle, st_stairs_8,
          uniq_grunn
Zot:5:    layout_basic

Skill      XL: |  1  2  3  4  5  6  7  8  9 10 11 12 13 14 15 16 17 18 19 20 21 22 23 24 25 26 27 |
---------------+----------------------------------------------------------------------------------+-----
Fighting       | 2 3 4 5 8 9 10 11 12 13 15 17 18 19 21 27 | 27.0
Stealth        | 2 18 | 18.9
Unarmed Combat | 1 2 4 5 8 9 10 12 15 19 20 22 27 | 27.0
Shapeshifting  | 2 5 8 10 12 15 17 19 21 23 24 25 26 27 | 27.0
Dodging        | 3 7 10 13 15 17 18 27 | 27.0
Invocations    | 3 |  3.7
Evocations     | 27 | 27.0

Action                     |  1- 3 |  4- 6 |  7- 9 | 10-12 | 13-15 | 16-18 | 19-21 | 22-24 | 25-27 || total
---------------------------+-------+-------+-------+-------+-------+-------+-------+-------+-------++-------
  Melee: Unarmed           |       |    83 |   258 |   511 |   721 |   772 |   977 |   578 |  3517 ||  7417
         Constrict         |       |    26 |    66 |   123 |    54 |       |       |       |       ||   269
         Tentacles         |       |    12 |    22 |       |       |       |       |       |       ||    34
         Punch             |       |     2 |     1 |       |    27 |    59 |   102 |    97 |   708 ||   996
   Fire: Sling             |    51 |       |       |       |       |       |       |       |       ||    51
  Throw: Dart              |       |     6 |     1 |       |       |       |       |       |       ||     7
         Throwing net      |       |     1 |       |       |       |       |       |       |       ||     1
 Invoke: Call Merchant     |       |       |       |     2 |     1 |     1 |     2 |       |       ||     6
         Potion Petition   |       |       |       |       |     3 |       |     3 |       |    19 ||    25
         Bribe Branch      |       |       |       |       |       |       |       |     1 |     7 ||     8
Ability: Blinkbolt         |       |       |       |       |    46 |    90 |    90 |    57 |   242 ||   525
         Evoke Blink       |       |       |       |       |     1 |       |     1 |       |       ||     2
  Evoke: Wand              |    15 |    11 |    15 |    30 |    29 |       |     2 |     1 |     3 ||   106
         Tin of tremorston |       |       |       |       |     4 |       |       |       |       ||     4
         Phantom mirror    |       |       |       |       |     1 |       |       |       |       ||     1
         Figurine of a zig |       |       |       |       |       |       |       |       |     1 ||     1
    Use: Scroll            |     4 |     6 |    12 |    10 |    18 |     5 |     5 |     2 |    36 ||    98
         Potion            |       |     1 |       |     4 |     5 |     6 |       |     5 |    17 ||    38
   Stab: Sleeping          |       |     8 |     6 |     5 |     9 |     6 |     6 |     3 |    21 ||    64
         Distracted        |       |     1 |     3 |     7 |     7 |    20 |    19 |    18 |   131 ||   206
         Betrayed ally     |       |     1 |     2 |       |       |       |       |       |       ||     3
         Invisible         |       |       |       |       |       |    10 |    14 |       |       ||    24
         Petrifying        |       |       |       |       |       |     1 |       |       |       ||     1
         Paralysed         |       |       |       |       |       |       |       |     1 |       ||     1
 Armour: Skin              |    19 |    37 |   172 |   350 |   496 |   209 |   157 |   103 |   547 ||  2090
  Dodge: Dodged            |    22 |    38 |   118 |   188 |   646 |  1207 |  1107 |   731 |  3362 ||  7419
  Block: Buckler           |       |     3 |    10 |       |       |       |       |       |       ||    13
         Other             |       |       |    22 |    59 |       |       |       |       |       ||    81
         Reflection        |       |       |       |     2 |       |       |       |       |       ||     2
   Form: Beast             |     1 |       |     1 |       |       |       |       |       |       ||     2
         Serpent           |       |       |     2 |       |     1 |       |       |       |       ||     3
         Storm             |       |       |       |       |     2 |       |     1 |       |       ||     3

Table legend: (Time is in decaauts)
 A = Elapsed time spent in this place.
 B = Non-inter-level travel time spent in this place.
 C = Inter-level travel time spent in this place.
 D = Time resting spent in this place.
 E = Time spent auto-exploring this place.
 F = Levels seen in this place.
 G = Mean time per level.
                   A        B        C        D        E       F      G
               +--------+--------+--------+--------+--------+-----+--------+
         Total |  69162 |  56819 |  12343 |   3492 |  38060 | 125 |  553.3 |
       Dungeon |  17536 |  13078 |   4458 |   1162 |   9383 |  15 | 1169.1 |
        Temple |     30 |      2 |     28 |      0 |      0 |   1 |   30.0 |
          Lair |   8293 |   5987 |   2306 |    869 |   3386 |   5 | 1658.6 |
        Shoals |   3529 |   3150 |    379 |      0 |   2454 |   4 |  882.2 |
   Spider Nest |   5115 |   4562 |    553 |      4 |   3751 |   4 | 1278.8 |
    Slime Pits |   1011 |    912 |     99 |      0 |    631 |   5 |  202.2 |
  Orcish Mines |   1610 |   1163 |    447 |     51 |    783 |   2 |  805.0 |
   Elven Halls |   3330 |   2722 |    608 |    534 |   1571 |   3 | 1110.0 |
        Vaults |   6477 |   5640 |    837 |     65 |   4386 |   5 | 1295.4 |
         Crypt |    995 |    770 |    225 |     35 |    481 |   3 |  331.7 |
          Tomb |   2251 |   2045 |    206 |    111 |   1441 |   3 |  750.3 |
        Depths |   4566 |   3707 |    859 |    109 |   2761 |   4 | 1141.5 |
          Hell |    610 |    463 |    147 |      0 |    249 |   1 |  610.0 |
           Dis |   1242 |    962 |    280 |    104 |    517 |   7 |  177.4 |
       Gehenna |   1191 |    993 |    198 |     82 |    625 |   7 |  170.1 |
       Cocytus |   2113 |   1866 |    247 |    302 |    977 |   7 |  301.9 |
      Tartarus |   1043 |    806 |    237 |     47 |    446 |   7 |  149.0 |
           Zot |    554 |    332 |    222 |      0 |    110 |   5 |  110.8 |
         Abyss |   2083 |   2083 |      0 |      0 |    918 |   3 |  694.3 |
   Pandemonium |   5001 |   5001 |      0 |     13 |   2806 |  22 |  227.3 |
      Ziggurat |    572 |    572 |      0 |      0 |    381 |  12 |   47.7 |
               +--------+--------+--------+--------+--------+-----+--------+

Top non-repeatable levels by time:
  Lair:1: 2166 daAuts
     D:8: 2086 daAuts
    D:10: 1994 daAuts
  Lair:2: 1916 daAuts
     D:4: 1812 daAuts
  Lair:5: 1784 daAuts
   Elf:3: 1633 daAuts
     D:9: 1583 daAuts
Spider:1: 1543 daAuts
Vaults:2: 1504 daAuts
Depths:3: 1442 daAuts
Vaults:1: 1397 daAuts
Spider:4: 1389 daAuts
 Abyss:3: 1354 daAuts
Vaults:5: 1297 daAuts
